 Dungeon Crawl Stone Soup version 0.20-a0-550-gf70bbbc (webtiles) character file.

857423 Alarkh the Demonic Blade (level 27, -12/217 HPs)
             Began as a Demonspawn Monk on Feb 1, 2017.
             Was the Champion of Okawaru.
             Killed by divine providence
             ... invoked by a balrug
              (16 damage)
             ... in Pandemonium on Feb 2, 2017.
             The game lasted 04:29:18 (79850 turns).

Alarkh the Demonic Blade (Demonspawn Monk)         Turns: 79850, Time: 04:29:18

Health: -12/217    AC: 24    Str: 18      XL:     27
Magic:  3/41       EV: 27    Int: 33 (34) God:    Okawaru [******]
Gold:   5793       SH:  0    Dex: 19      Spells: 13/64 levels left

rFire    + + .     SeeInvis +   a - +1 triple sword of Understanding {speed, rElec}
rCold    + + .     Gourm    .   p - +3 faerie dragon scales {*Contam rF+ MR+ rCorr Slay+5}
rNeg     + + .     Faith    +   (shield currently unavailable)
rPois    +         Spirit   .   u - +0 helmet "Toenemeu" {*Drain rC+ MR++ SInv} (curse)
rElec    +         Reflect  .   y - +2 cloak {MR+}
rCorr    +         Harm     .   t - +2 pair of gloves "Plog" {*Corrode Str+3 Int+8 Dex+8}
MR       +++++     Rnd*Rage +   (boots unavailable)
Stlth    ++++......             j - amulet of faith
Regen    0.5/turn               z - ring of Obeamuon {+Fly rN+ MR+ Int+4}
                                A - ring of protection from cold

@: very slightly contaminated, deflect missiles
A: fangs 1, talons 3, slimy green scales 3, berserk 1, blink, clumsy 2, deformed
body, fire resistance 1, ignite blood, low mp 1, negative energy resistance 1,
sense surroundings 1, powered by death 3, 50% torment resistance, evolution 1,
black mark, flame cloud immunity, subdued magic 1
}: 6/15 runes: decaying, serpentine, slimy, golden, abyssal, demonic
a: Blink, Heroism, Finesse, Renounce Religion, Evoke Flight


You were in Pandemonium.
You worshipped Okawaru.
Okawaru was exalted by your worship.
You were hungry.

You visited 13 branches of the dungeon, and saw 60 of its levels.
You visited Pandemonium 2 times, and saw 4 of its levels.
You visited the Abyss 2 times.
You visited 1 bazaar.
You also visited: Trove and Ice Cave.

You collected 12363 gold pieces.
You spent 6570 gold pieces at shops.

Inventory:

Hand Weapons
 a - the +1 triple sword of Understanding (weapon) {speed, rElec}
   (Okawaru gifted it to you on level 2 of the Snake Pit)

   Attacks with this weapon are significantly faster.
   It insulates you from electricity.
 b - the +9 sword of Zonguldrok {reap}
   (You bought it in a shop in a bazaar)

   If a monster killed with it leaves a corpse in good enough shape, the corpse
   will be animated as a zombie friendly to the killer.
Armour
 p - the +3 faerie dragon scales (worn) {*Contam rF+ MR+ rCorr Slay+5}
   (You took it off the Enchantress on level 1 of the Depths)

   It affects your accuracy and damage with ranged weapons and melee attacks
   (+5).
   It protects you from fire.
   It affects your resistance to hostile enchantments.
   It causes magical contamination when unequipped.
   It protects you from acid and corrosion.
 t - the +2 pair of gloves "Plog" (worn) {*Corrode Str+3 Int+8 Dex+8}
   (You took it off Nikola on level 1 of the Depths)

   It affects your strength (+3).
   It affects your intelligence (+8).
   It affects your dexterity (+8).
   It may corrode you when you take damage.
 u - the cursed +0 helmet "Toenemeu" (worn) {*Drain rC+ MR++ SInv}
   (You found it on level 5 of the Pits of Slime)

   It protects you from cold.
   It affects your resistance to hostile enchantments.
   It lets you see invisible.
   It causes draining when unequipped.
   It has a curse placed upon it.
 y - a +2 cloak of magic resistance (worn)
Jewellery
 j - an amulet of faith (around neck)
 z - the ring of Obeamuon (right hand) {+Fly rN+ MR+ Int+4}
   (You found it in a treasure trove)

   [ring of positive energy]

   It affects your intelligence (+4).
   It protects you from negative energy.
   It affects your resistance to hostile enchantments.
   It lets you fly.
 A - a ring of protection from cold (left hand)
 D - the amulet of Vitality {Regen+ HP+15}
   (You found it on level 3 of the Tomb of the Ancients)

   [amulet of regeneration]

   It affects your health (+15).
   It increases your rate of regeneration.
Wands
 f - a wand of disintegration (8/24)
 g - a wand of digging (14/24)
Scrolls
 e - 11 scrolls of identify
 h - 20 scrolls of recharging
 k - 10 scrolls of magic mapping
 o - 18 scrolls of remove curse
 x - 4 scrolls of blinking
 B - 8 scrolls of teleportation
 F - a scroll of silence
 K - 3 scrolls of fog
 R - 7 scrolls of fear
 T - 2 scrolls of summoning
Potions
 d - 4 potions of resistance
 i - 5 potions of might
 l - 2 potions of cure mutation
 m - a potion of cancellation
 q - 2 potions of agility
 C - 12 potions of flight
 E - 14 potions of curing
 I - 5 potions of invisibility
 L - 7 potions of haste
 Q - 3 potions of heal wounds
Comestibles
 c - 23 bread rations


   Skills:
 - Level 18.0 Fighting
 - Level 24.5 Long Blades
 - Level 18.8 Armour
 - Level 18.0 Dodging
 - Level 8.0 Stealth
 + Level 19.2 Spellcasting
 - Level 10.3 Summonings
 - Level 21.0 Necromancy
 - Level 17.0 Transmutations
 * Level 11.4 Air Magic
 - Level 8.0 Invocations
 - Level 8.0 Evocations


You had 13 spell levels left.
You knew the following spells:

 Your Spells              Type           Power        Failure   Level  Hunger
a - Necromutation         Tmut/Necr      #######...   3%          8    #####..
b - Regeneration          Chrm/Necr      ######....   1%          3    None
c - Spectral Weapon       Hex/Chrm       ###.....     3%          3    None
d - Deflect Missiles      Chrm/Air       ######....   17%         6    None
e - Tornado               Air            ######....   100%        9    ######.
f - Repel Missiles        Chrm/Air       ######       1%          2    None
g - Haunt                 Necr/Summ      #######...   1%          7    ###....
h - Infestation           Necr           #######...   1%          8    #####..
r - Aura of Abjuration    Summ           ######....   1%          5    None


Dungeon Overview and Level Annotations

Branches:
Dungeon (15/15)            Temple (0/1) D:4            Lair (6/6) D:8
  Swamp (4/4) Lair:3        Snake (4/4) Lair:4        Slime (5/5) Lair:6
    Orc (2/2) D:12            Elf (3/3) Orc:2        Vaults (4/5) D:13
  Crypt (3/3) Vaults:2       Tomb (3/3) Crypt:3      Depths (5/5) D:15
   Hell (1/1)                 Dis (0/7) Hell            Geh (0/7) Hell
    Coc (0/7) Hell            Tar (0/7) Hell            Zot (5/5) Depths:5

Altars:
Dithmenos
Gozag
Kikubaaqudgha
Nemelex Xobeh
Okawaru
Qazlal
Ru
Sif Muna
Trog
Vehumet
Yredelemnul
The Shining One
Beogh
Jiyva

Shops:
D:4 [   D:12 [(   D:15 (   Orc:2 %::[   Elf:1 %   Snake:1 }:*}   Vaults:2 *
Vaults:3 %

Portals:
Hell: Depths:1 Depths:2 Depths:3 Depths:4 Depths:5
Abyss: Depths:4 Depths:5
Pandemonium: Depths:3
Ziggurat: Depths:5

Annotations:
Zot:5 1 exclusion


Innate Abilities, Weirdness & Mutations

You have claws for feet.
You are completely covered in slimy green scales. (AC +4, rPois)
Your flesh is heat resistant. (rF+)
Your demonic aura causes spilled blood to erupt in flames.
You resist negative energy. (rN+)
You regenerate a lot of health from kills.
You are somewhat able to resist unholy torments (1 in 2 success).
Your melee attacks may debilitate your foes.
You are immune to clouds of flame.
You have very sharp teeth.
You tend to lose your temper in combat.
You can translocate small distances at will.
You are very clumsy. (Dex -4)
Armour fits poorly on your strangely shaped body.
Your magical capacity is low. (-10% MP)
You passively map a small area around you.
You evolve.
Your spells are a little easier to cast, but a little less powerful.


Message History

A red devil comes into view. It is wielding a trident.
Something is struck by your torturous black sun's spines.
Something hits your torturous black sun. x2
Your torturous black sun dies!
Your torturous black sun's corpse dissolves into shadows!
The balrug hits something with a demon whip of freezing!
Something is engulfed in flames!
The balrug freezes something.
The Executioner hits your soul eater. x2
The Executioner hits your soul eater but does no damage.
You feel yourself come back to life.
You are feeling hungry.
The Executioner closely misses your soul eater.
The Executioner hits your soul eater.
The Executioner hits your soul eater but does no damage.
The balrug barely misses something.
The Executioner misses your soul eater.
The Executioner hits your soul eater but does no damage. x2
Your soul eater completely misses the Executioner.
The balrug gestures at you. Something smites you!
You die...

* , ,, **** ########
#### ,,
#......######..# , *
#......##..@3..# .# ,
#..1...##.###1###..## ,
#12....## #..22......
#...1..# #....$..(.. ,
..........##.1...4....*
4...........1...####.##
...........###.2### #
...........# #3## * ,*
.2...#....... #.#


You could see a balrug, an Executioner, a red devil and a friendly soul eater.

Vanquished Creatures
  the Royal Jelly (Slime:5)
  3 ancient liches
  Khufu (Crypt:1)
  28 greater mummies
  The ghost of tsouns the Slayer, a legendary GrAr of Gozag (Tomb:3)
  Vashnia (Snake:3)
  The ghost of HEYYEYAAE the Shatterer, a veteran TrBe of Trog (Slime:5)
  2 pandemonium lords (Pan)
  A curse toe (Zot:5)
  Frederick (Vaults:4)
  A caustic shrike (Depths:2)
  Saint Roka (Depths:1)
  Nikola (Depths:1)
  A profane servitor (Abyss:1)
  Geryon (Hell)
  3 bone dragons
  Jory (Vaults:2)
  9 golden dragons
  the Enchantress (Depths:1)
  4 Brimstone Fiends (Pan)
  Jorgrun (Swamp:2)
  5 electric golems
  An Ice Fiend (Pan)
  Rupert (Lair:4)
  3 deep elf master archers
  11 tentacled monstrosities
  5 liches
  5 deep elf blademasters
  6 quicksilver dragons
  An Orb Guardian (Zot:5)
  17 acid blobs
  8 death cobs
  Asterion (D:15)
  13 ancient champions
  2 Executioners (Pan)
  11 sphinxes
  8 tentacled starspawn
  2 thorn hunters
  7 draconian monks
  9 shadow dragons
  5 storm dragons
  Roxanne (Snake:3)
  2 tengu reavers
  5 revenants
  6 nagarajas
  14 fire giants
  A daeva (Abyss:3)
  11 azure jellies
  8 draconian knights
  Donald (Crypt:1)
  9 frost giants
  12 deep elf sorcerers
  9 draconian scorchers
  3 ghost moths
  The ghost of Kidiri the Eclecticist, an adept DEFE of Vehumet (Elf:2)
  3 blood saints (Pan)
  An iron dragon (Depths:4)
  An orc warlord (Elf:2)
  6 balrugs
  17 vault wardens
  A caustic shrike zombie (Hell)
  2 juggernaut zombies (Hell)
  2 deep elf elementalists (Elf:3)
  A draconian shifter (Zot:1)
  An emperor scorpion (D:10)
  8 reapers
  8 draconian stormcallers
  5 ghouls (Crypt:2)
  2 curse skulls
  Aizul (Snake:1)
  4 draconian annihilators
  9 ironheart preservers
  3 war gargoyles
  4 spriggan defenders (Depths:1)
  17 stone giants
  2 entropy weavers
  14 bennus
  22 vampire knights
  Nessos (Lair:4)
  24 very ugly things
  Azrael (D:14)
  2 black suns (Pan)
  A corrupter (Pan)
  3 lorocyprocas
  7 deep elf demonologists
  5 black draconians
  8 green draconians
  8 deep elf annihilators
  6 red draconians
  8 yellow draconians
  5 white draconians
  The ghost of Syneil the Destroyer, a journeyman DECj of Vehumet (IceCv)
  10 purple draconians
  5 spark wasps
  A dire elephant (Lair:6)
  12 ettins
  4 eidola
  4 green deaths
  Josephine (Snake:1)
  9 yaktaur captains
  A minotaur (shapeshifter) (Vaults:1)
  14 jiangshi
  The ghost of Rhoefr the Sharpshooter, a journeyman KoBe of Trog (Lair:3)
  15 fire dragons
  28 mummy priests
  15 deep elf death magi
  2 blizzard demons
  5 death oozes
  16 great orbs of eyes
  6 deep elf high priests
  The ghost of murphy the Covert, a journeyman OpVM of Vehumet (Lair:3)
  A kraken zombie (Hell)
  9 spriggan air magi
  12 ice dragons
  18 vault guards
  15 hydras
  12 naga warriors
  4 hell beasts
  3 ghost crabs
  2 catoblepae
  2 monstrous demonspawn (Pan)
  12 centaur warriors
  8 rakshasas
  6 death knights
  5 anacondas
  35 dancing weapons
  8 alligators
  17 ogre magi
  A merfolk avatar (Lair:6)
  2 satyrs (Abyss:3)
  18 small abominations
  7 tengu warriors
  47 two-headed ogres
  5 deep troll earth magi
  A death yak (Lair:5)
  Urug (D:10)
  14 death scarabs
  8 deep troll shamans
  4 shock serpents
  3 spriggan berserkers
  16 vampire magi
  3 storm dragon zombies
  23 naga sharpshooters
  2 titan zombies
  12 thrashing horrors
  7 orc high priests
  11 soul eaters
  Nergalle (Lair:1)
  32 deep elf knights
  2 iron golems (Hell)
  20 sun demons
  A titan skeleton (Vaults:3)
  14 hell knights
  6 wretched stars
  4 sixfirhies
  29 skeletal warriors
  6 shadow wraiths
  An infernal demonspawn (Pan)
  2 salamander mystics (Snake:3)
  An iron troll (Depths:4)
  A golden dragon zombie (Crypt:3)
  2 anaconda zombies
  24 deep trolls
  7 unseen horrors
  A spatial maelstrom (Abyss:3)
  8 naga ritualists
  A sea snake (Lair:6)
  2 spriggan druids
  A death drake (Depths:4)
  10 swamp dragons
  21 phantasmal warriors
  A shadow demon (Depths:3)
  A torturous demonspawn (Pan)
  16 deep elf archers
  10 ironbrand convokers
  Pikel (D:4)
  A golden dragon skeleton (Crypt:2)
  6 wizards
  13 flayed ghosts
  8 starcursed masses (Abyss:1)
  A spectral hydra (Depths:4)
  15 necromancers
  2 sphinx zombies
  An anaconda skeleton (Hell)
  2 orange crystal statues (Depths:4)
  8 glowing orange brains
  13 harpies
  3 wolf spider zombies
  20 orc knights
  A shadow dragon skeleton (Crypt:1)
  44 ugly things
  12 mana vipers
  3 harpies (shapeshifter)
  A shambling mangrove (Abyss:3)
  2 lindwurms (Lair:5)
  A manticore (D:13)
  An orb spider (shapeshifter) (Vaults:2)
  75 deep elf magi
  2 stone giant zombies
  An iron dragon zombie (Crypt:3)
  14 orc sorcerers
  6 wolf spiders
  2 shining eyes (Slime:4)
  6 worldbinders
  A frost giant zombie (Crypt:3)
  3 cyclopes
  A mana viper (shapeshifter) (Vaults:1)
  A sphinx skeleton (Crypt:3)
  An iron dragon skeleton (Tomb:3)
  The ghost of murphy the Chiller, a novice OpIE of Ru (D:7)
  A tengu skeleton (Depths:2)
  17 moths of wrath
  9 salamanders
  An elephant (shapeshifter) (Vaults:3)
  28 black mambas
  Maurice (D:8)
  2 frost giant skeletons
  10 rust devils
  A molten gargoyle (Hell)
  2 water nymphs (Abyss:3)
  2 ice statues
  6 elephants
  A torpor snail (Lair:3)
  2 apocalypse crabs (Abyss:3)
  7 guardian serpents
  An eye of devastation (shapeshifter) (Depths:3)
  A guardian serpent (shapeshifter) (Vaults:2)
  A fire giant skeleton (Depths:2)
  2 storm dragon simulacra
  9 orange demons
  A catoblepas zombie (Hell)
  20 spiny frogs
  A dire elephant skeleton (Abyss:3)
  25 naga magi
  20 smoke demons
  An eye of devastation (Slime:2)
  14 vault sentinels
  3 yaktaur zombies
  2 hellions
  A purple draconian zombie (Crypt:1)
  36 yaktaurs
  A kobold demonologist (Depths:3)
  8 rime drakes
  A komodo dragon (shapeshifter) (Depths:2)
  37 guardian mummies
  An efreet (D:14)
  8 freezing wraiths
  2 harpy zombies
  4 ancient zymes
  A yellow draconian skeleton (Crypt:1)
  10 komodo dragons
  A yaktaur (shapeshifter) (Vaults:4)
  4 hellwings
  An iron troll zombie (Crypt:2)
  2 ice devils (Lair:6)
  A golden dragon simulacrum (Abyss:1)
  8 red devils
  A queen bee (Lair:1)
  A troll (shapeshifter) (Depths:3)
  3 spectral merfolk (Depths:4)
  5 tengu conjurers
  22 polar bears
  A tormentor (Abyss:1)
  A wind drake (shapeshifter) (Depths:3)
  A jumping spider (shapeshifter) (Vaults:1)
  A meliai (shapeshifter) (Vaults:2)
  A hornet (shapeshifter) (Vaults:1)
  14 trolls
  16 hornets
  Grinder (D:6)
  A polar bear (shapeshifter) (Elf:2)
  The ghost of Alarkh the Slasher, an amateur DsMo (D:3)
  A shadow dragon simulacrum (Crypt:1)
  19 raiju
  2 ettin zombies
  12 blink frogs
  2 hydra zombies
  7 tyrant leeches
  13 hippogriffs
  A meliai zombie (D:15)
  4 dream sheep (Lair:2)
  10 bog bodies
  2 raiju (shapeshifter)
  2 spriggan zombies
  A fire dragon zombie (Hell)
  2 hydra skeletons
  A fire giant simulacrum (Vaults:1)
  3 ice dragon zombies
  Prince Ribbit (D:7)
  102 slime creatures
  2 fire dragon skeletons
  3 alligator zombies (Hell)
  16 air elementals
  A tarantella (shapeshifter) (Vaults:3)
  17 water elementals
  A spriggan (shapeshifter) (Vaults:1)
  24 flying skulls
  4 spriggans
  22 wraiths
  9 redbacks
  A redback (shapeshifter) (Vaults:2)
  16 ushabtiu
  A yak (shapeshifter) (Vaults:1)
  48 yaks
  6 ynoxinuls
  12 shadows
  Eustachio (D:4)
  22 vampires
  8 wyverns
  A basilisk (shapeshifter) (Vaults:2)
  8 fire bats
  A golden eye (shapeshifter) (Vaults:1)
  11 golden eyes
  15 fire elementals
  23 vampire mosquitoes
  4 spatial vortices
  5 hungry ghosts
  5 basilisks
  3 chaos spawn
  9 neqoxecs
  16 swamp worms
  11 wargs
  A merfolk zombie (Tomb:1)
  20 insubstantial wisps
  Menkaure (D:7)
  A harpy simulacrum (Abyss:1)
  A hydra simulacrum (Depths:4)
  A warg (shapeshifter) (Vaults:1)
  A human zombie (Hell)
  62 nagas
  23 large abominations
  8 hell hounds
  A swamp worm (shapeshifter) (Vaults:4)
  A monstrous demonspawn zombie (Crypt:3)
  5 acid dragons
  A glowing shapeshifter zombie (Crypt:3)
  A soldier ant (shapeshifter) (D:14)
  12 porcupines
  6 spectral spriggans (Depths:4)
  8 water moccasins
  2 floating eyes
  A torturous demonspawn skeleton (Crypt:2)
  A deep troll skeleton (Crypt:2)
  3 snapping turtle zombies
  6 phantoms
  2 spectral trolls (Depths:4)
  A spiny frog skeleton (Tomb:1)
  5 swamp drakes
  48 orc warriors
  4 sky beasts
  A black bear (shapeshifter) (Depths:1)
  6 eyes of draining
  A hornet zombie (D:12)
  2 necrophages (Crypt:2)
  2 ice beasts
  36 ogres
  52 wolves
  8 boggarts
  24 centaurs
  12 crocodiles
  A dream sheep skeleton (Crypt:3)
  An elephant skeleton (Crypt:2)
  A swamp dragon skeleton (Abyss:3)
  A big kobold (shapeshifter) (D:12)
  22 bullfrogs
  2 big kobolds (D:8)
  Blork the orc (D:6)
  2 elf zombies
  A gnoll sergeant (Orc:2)
  2 merfolk simulacra (Depths:4)
  2 wyvern skeletons
  7 earth elementals
  A water moccasin zombie (Crypt:1)
  3 scorpions
  An elf simulacrum (Vaults:3)
  22 wights
  25 killer bees
  2 spectral ogres (Depths:4)
  2 electric eels
  4 howler monkeys
  A spriggan skeleton (Crypt:3)
  A spectral centaur (Depths:4)
  2 bullfrog zombies
  11 crimson imps
  6 quasits
  5 centaur zombies
  5 iron imps
  3 hounds
  28 orc priests
  8 centaur skeletons
  A gnoll shaman (D:4)
  4 jellies
  26 orc wizards
  2 bullfrog skeletons
  A human skeleton (Crypt:1)
  4 iguanas
  7 worker ants
  A troll simulacrum (Depths:4)
  A killer bee zombie (D:6)
  An acid dragon zombie (Crypt:2)
  A felid skeleton (Crypt:1)
  A demigod skeleton (Crypt:3)
  A hound zombie (D:10)
  A hound skeleton (D:9)
  48 mummies
  2 worker ant zombies (D:6)
  Robin (D:4)
  5 gnolls
  A river rat (shapeshifter) (Vaults:1)
  18 adders
  A naga simulacrum (Depths:4)
  2 shadow imps
  5 white imps
  2 ufetubi (Depths:3)
  3 oozes
  3 adder skeletons
  An iguana skeleton (Crypt:2)
  6 worms
  6 dart slugs
  2 leopard geckos
  91 orcs
  A bat zombie (Crypt:1)
  5 giant cockroaches
  28 goblins
  15 hobgoblins
  6 jackals
  3 quokkas
  A river rat zombie (Crypt:3)
  A ball python (Snake:2)
  9 bats
  6 frilled lizards
  A gnoll skeleton (Crypt:3)
  A goblin zombie (Crypt:2)
  A jackal zombie (D:9)
  12 kobolds
  A kobold simulacrum (Tomb:1)
  A kobold skeleton (Hell)
  9 rats
  9 crawling corpses
  4 fungi
  A lurking horror (Abyss:3)
  3 plants
  6 starspawn tentacles
  2 tentacles (Hell)
3302 creatures vanquished.

Vanquished Creatures (collateral kills)
  An orc (D:4)
1 creature vanquished.

Vanquished Creatures (others)
  A fire giant (Depths:4)
  A centaur warrior (Vaults:1)
  A dancing weapon (Elf:2)
  4 death scarabs (Tomb:3)
  An alligator (Swamp:2)
  3 deep elf knights
  A wretched star (Abyss:2)
  A hell knight (Abyss:3)
  A deep elf mage (Elf:1)
  A moth of wrath (Zot:5)
  A stone giant skeleton (Tomb:3)
  A wolf spider simulacrum (Abyss:3)
  3 flying skulls (Tomb:3)
  A chaos spawn (Abyss:2)
  A golden eye (Abyss:3)
  An ushabti (Tomb:3)
  A warg (Depths:4)
  A swamp dragon zombie (Tomb:3)
  A slave (D:4)
  An ogre (Vaults:3)
  A boggart (Vaults:3)
  An earth elemental (Elf:3)
  2 orc wizards
  2 gnolls (D:4)
  A howler monkey skeleton (D:4)
  4 dart slugs (D:4)
  An orc (Elf:1)
  13 fungi
  22 plants
  6 starspawn tentacles
  6 tentacles (Hell)
86 creatures vanquished.

Grand Total: 3389 creatures vanquished

Notes
Turn   | Place    | Note
-------+----------+-------------------------------------------
     0 | D:1      | Alarkh the Demonspawn Monk began the quest for the Orb.
     0 | D:1      | Reached XP level 1. HP: 18/18 MP: 1/1
    53 | D:1      | Reached skill level 3 in Long Blades
   272 | D:1      | Gained mutation: Your flesh is heat resistant. (rF+) [demonic ancestry]
   272 | D:1      | Reached XP level 2. HP: 12/24 MP: 2/2
  1599 | D:2      | Gained mutation: You are immune to clouds of flame. [demonic ancestry]
  1599 | D:2      | Reached XP level 3. HP: 23/29 MP: 3/3
  1925 | D:2      | Found an iron altar of Okawaru.
  1926 | D:2      | Found a sparkling altar of Nemelex Xobeh.
  1933 | D:2      | Reached skill level 4 in Long Blades
  1940 | D:2      | Became a worshipper of Warmaster Okawaru
  1940 | D:2      | Reached * piety under Okawaru
  1940 | D:2      | Reached ** piety under Okawaru
  2506 | D:2      | Reached XP level 4. HP: 18/35 MP: 4/4
  3222 | D:3      | You fall through a shaft!
  3230 | D:4      | Noticed a phantom
  3246 | D:4      | Reached skill level 5 in Long Blades
  3248 | D:4      | Reached XP level 5. HP: 31/41 MP: 2/5
  3322 | D:4      | Noticed a slave
  3322 | D:4      | Noticed a slave
  3324 | D:4      | Noticed Pikel
  3327 | D:4      | Noticed a slave
  3336 | D:4      | Killed Pikel
  3336 | D:4      | Reached *** piety under Okawaru
  3336 | D:4      | Reached skill level 7 in Long Blades
  3336 | D:4      | Gained mutation: You are partially covered in slimy green scales. (AC +2) [demonic ancestry]
  3336 | D:4      | Reached XP level 6. HP: 12/47 MP: 3/6
  3336 | D:4      | Gained mutation: You regenerate a little health from kills. [demonic ancestry]
  3336 | D:4      | Reached XP level 7. HP: 14/52 MP: 3/7
  3618 | D:4      | Found Zuen's Armour Shoppe.
  3626 | D:4      | Bought a +0 pair of boots for 63 gold pieces
  3626 | D:4      | Bought a +0 cloak for 63 gold pieces
  3658 | D:4      | Noticed Robin
  3667 | D:4      | Killed Robin
  3667 | D:4      | Reached skill level 8 in Long Blades
  3733 | D:4      | Noticed Eustachio
  3767 | D:4      | Killed Eustachio
  4235 | D:3      | Noticed Alarkh's ghost (amateur DsMo)
  4311 | D:4      | Reached skill level 9 in Long Blades
  4311 | D:4      | Gained mutation: You have sharp toenails. [demonic ancestry]
  4311 | D:4      | Reached XP level 8. HP: 58/58 MP: 5/8
  4486 | D:3      | Found a deep blue altar of Sif Muna.
  4499 | D:3      | Killed Alarkh's ghost
  4499 | D:3      | Reached skill level 1 in Evocations
  5115 | D:4      | Found a staircase to the Ecumenical Temple.
  5209 | D:5      | Entered Level 5 of the Dungeon
  5259 | D:5      | Found a shadowy altar of Dithmenos.
  5820 | D:5      | Reached skill level 10 in Long Blades
  5856 | D:5      | Reached **** piety under Okawaru
  6309 | D:6      | Noticed Grinder
  6343 | D:6      | Killed Grinder
  6343 | D:6      | Gained mutation: You have razor-sharp toenails. [demonic ancestry]
  6343 | D:6      | Reached XP level 9. HP: 10/63 MP: 8/11
  6689 | D:6      | Found a glowing golden altar of the Shining One.
  6690 | D:6      | Found a basalt altar of Yredelemnul.
  6691 | D:6      | Found an opulent altar of Gozag.
  6692 | D:6      | Found a stormy altar of Qazlal.
  6709 | D:6      | Noticed Blork the orc
  6719 | D:6      | Killed Blork the orc
  7010 | D:6      | Found a radiant altar of Vehumet.
  7564 | D:7      | Reached skill level 11 in Long Blades
  7776 | D:7      | Noticed Prince Ribbit
  7787 | D:7      | Noticed Menkaure
  7796 | D:7      | Reached skill level 5 in Evocations
  7808 | D:7      | Killed Menkaure
  7829 | D:7      | Killed Prince Ribbit
  7996 | D:7      | Found a deep blue altar of Sif Muna.
  8035 | D:7      | Reached ***** piety under Okawaru
  8237 | D:7      | Reached skill level 1 in Invocations
  8435 | D:7      | Reached XP level 10. HP: 61/70 MP: 14/14
  8466 | D:7      | Noticed murphy's ghost (novice OpIE)
  8614 | D:7      | Killed murphy's ghost
  8791 | D:8      | Received a gift from Okawaru
  8890 | D:8      | Paralysed by a hornet for 3 turns
  9371 | D:8      | Found a staircase to the Lair.
  9408 | D:8      | Noticed Maurice
  9516 | D:7      | Reached skill level 5 in Invocations
  9773 | D:8      | Killed Maurice
  9869 | D:8      | Found a sacrificial altar of Ru.
 10166 | D:9      | Learned a level 2 spell: Repel Missiles
 10217 | D:9      | Reached skill level 12 in Long Blades
 11082 | D:9      | Reached XP level 11. HP: 59/75 MP: 17/17
 11119 | D:9      | Found a bloodstained altar of Trog.
 11148 | D:9      | Got a dazzling giant spiked club
 11151 | D:9      | Got an iridescent morningstar
 11152 | D:9      | Identified the +6 morningstar "Nanemn" {drain, rF+ rC++ rN+} (You found it on level 9 of the Dungeon)
 11227 | D:10     | Entered Level 10 of the Dungeon
 11434 | D:10     | Reached skill level 1 in Armour
 11450 | D:10     | Paralysed by fainting for 7 turns
 11486 | D:10     | Identified the +3 giant spiked club of Geadesiu {venom, Fragile rElec rPois Int+3} (You found it on level 9 of the Dungeon)
 11774 | D:10     | Killed an unseen horror
 12077 | D:10     | Paralysed by a hornet for 1 turns
 12080 | D:10     | Paralysed by a hornet for 1 turns
 12099 | D:10     | Noticed Urug
 12239 | D:10     | Killed Urug
 12301 | Lair:1   | Entered Level 1 of the Lair of Beasts
 12648 | Lair:1   | Noticed Nergalle
 12734 | Lair:1   | Reached skill level 13 in Long Blades
 12744 | Lair:1   | Received a gift from Okawaru
 12747 | Lair:1   | Got a dazzling long sword {god gift}
 12748 | Lair:1   | Identified the +6 long sword "Mauzut" {speed, rPois rF++} (Okawaru gifted it to you on level 1 of the Lair of Beasts)
 13117 | Lair:1   | Reached skill level 5 in Fighting
 13224 | Lair:1   | Killed Nergalle
 13224 | Lair:1   | Reached skill level 5 in Dodging
 13662 | Lair:2   | Received a gift from Okawaru
 13663 | Lair:2   | Got a steaming falchion {god gift}
 13664 | Lair:2   | Identified the +4 falchion of Emnirid {venom, rElec} (Okawaru gifted it to you on level 2 of the Lair of Beasts)
 13679 | Lair:2   | Gained mutation: You are mostly covered in slimy green scales. (AC +3) [demonic ancestry]
 13679 | Lair:2   | Reached XP level 12. HP: 57/86 MP: 18/18
 13951 | Lair:2   | Received a gift from Okawaru
 13951 | Lair:2   | Reached skill level 5 in Armour
 14083 | Lair:2   | Got a fine scale mail {god gift}
 14094 | Lair:2   | Identified the +3 scale mail of the Beekeeper {rC+ rCorr} (Okawaru gifted it to you on level 2 of the Lair of Beasts)
 14330 | Lair:2   | Reached ****** piety under Okawaru
 15231 | Lair:3   | Reached skill level 14 in Long Blades
 15283 | Lair:3   | Noticed murphy's ghost (journeyman OpVM)
 15370 | Lair:3   | Killed murphy's ghost
 15404 | Lair:3   | Found a staircase to the Swamp.
 15475 | Lair:3   | Noticed Rhoefr's ghost (journeyman KoBe)
 15496 | Lair:3   | Killed Rhoefr's ghost
 15877 | Lair:3   | Got a heavily runed lead amulet
 15902 | Lair:3   | Identified the amulet of Adeop {Harm *Drain rC+} (You found it on level 3 of the Lair of Beasts)
 16398 | Lair:4   | Received a gift from Okawaru
 16469 | Lair:4   | Found a staircase to the Snake Pit.
 16543 | Lair:4   | Noticed Nessos
 16568 | Lair:4   | Killed Nessos
 16568 | Lair:4   | Reached XP level 13. HP: 60/96 MP: 19/19
 16595 | Lair:4   | Noticed Rupert
 16660 | Lair:4   | Killed Rupert
 17106 | D:11     | Noticed an emperor scorpion
 17106 | D:11     | a six-headed hydra changed into an emperor scorpion
 17486 | D:11     | Received a gift from Okawaru
 17682 | D:11     | Paralysed by a hornet for 3 turns
 18163 | D:12     | Found Xegylo's Weapon Emporium.
 18165 | D:12     | Found a staircase to the Orcish Mines.
 18178 | D:12     | Reached skill level 15 in Long Blades
 18206 | D:12     | Found Fijanus's Armour Emporium.
 18221 | D:12     | Bought a +1 pair of boots of stealth for 231 gold pieces
 18419 | D:12     | Received a gift from Okawaru
 18424 | D:12     | Got a steaming great sword {god gift}
 18425 | D:12     | Identified the +2 great sword of Qasuv {venom, Str+3} (Okawaru gifted it to you on level 12 of the Dungeon)
 18435 | D:12     | Found a runed gate.
 18435 | D:12     | Found a runed gate.
 18435 | D:12     | Found a runed gate.
 18558 | D:12     | Noticed an ettin
 18558 | D:12     | a seven-headed hydra changed into an ettin
 18697 | D:12     | Killed an ettin
 19016 | D:12     | Received a gift from Okawaru
 19349 | D:12     | Found an opulent altar of Gozag.
 19577 | D:12     | Found a runed gate.
 19577 | D:12     | Found a runed gate.
 19577 | D:12     | Found a runed gate.
 19582 | D:12     | Noticed an ettin
 19804 | Lair:4   | Gained mutation: Your demonic aura causes spilled blood to erupt in flames. [demonic ancestry]
 19804 | Lair:4   | Reached XP level 14. HP: 94/108 MP: 20/20
 20449 | Lair:5   | Received a gift from Okawaru
 20978 | Lair:6   | Entered Level 6 of the Lair of Beasts
 21014 | Lair:6   | Noticed an entropy weaver
 21014 | Lair:6   | a seven-headed hydra changed into an entropy weaver
 21028 | Lair:6   | Killed an entropy weaver
 21079 | Lair:6   | Found a staircase to the Slime Pits.
 21181 | Lair:6   | Got a steaming ring mail
 21235 | Lair:6   | Identified the cursed +1 ring mail of the Voivode {rF++ MR++} (You found it on level 6 of the Lair of Beasts)
 21253 | Lair:6   | Found a frozen archway.
 21357 | IceCv    | Entered an ice cave
 21380 | IceCv    | Reached skill level 16 in Long Blades
 21510 | IceCv    | Noticed Syneil's ghost (journeyman DECj)
 21560 | IceCv    | Killed Syneil's ghost
 21803 | IceCv    | Noticed a frost giant
 21828 | IceCv    | Killed a frost giant
 21828 | IceCv    | Received a gift from Okawaru
 22450 | Lair:6   | Reached skill level 10 in Fighting
 22578 | Lair:6   | Received a gift from Okawaru
 22816 | Lair:6   | Gained mutation: You evolve. [potion of beneficial mutation]
 23075 | Lair:6   | Gained mutation: You are completely covered in slimy green scales. (AC +4, rPois) [demonic ancestry]
 23075 | Lair:6   | Reached XP level 15. HP: 115/115 MP: 21/21
 23212 | Lair:6   | Got a warped crystal plate armour
 23213 | Lair:6   | Identified the +14 crystal plate armour of the Kettle-Drum {rC- Str+4 Int+2} (You found it on level 6 of the Lair of Beasts)
 23446 | Orc:1    | Entered Level 1 of the Orcish Mines
 23557 | Orc:2    | Entered Level 2 of the Orcish Mines
 23558 | Orc:2    | Found a roughly hewn altar of Beogh.
 23684 | Orc:2    | Received a gift from Okawaru
 23826 | Orc:2    | Found a staircase to the Elven Halls.
 24283 | Orc:2    | Received a gift from Okawaru
 24284 | Orc:2    | Got a translucent cloak {god gift}
 24313 | Orc:2    | Identified the -5 cloak of Pepnieli {rN+} (Okawaru gifted it to you on level 2 of the Orcish Mines)
 24363 | Orc:2    | Gained mutation: You are resistant to hostile enchantments. (MR+) [evolution]
 24556 | Orc:2    | Found Yteyd's Food Emporium.
 24556 | Orc:2    | Found Imiacubb's Armour Shop.
 24558 | Orc:2    | Found Haosiyps's Book Shop.
 24558 | Orc:2    | Found Piggial's Book Emporium.
 24648 | Orc:2    | Bought a +1 pair of gloves of archery for 264 gold pieces
 25185 | D:3      | Identified Sif Muna's Catalogue of Execration
 25372 | D:13     | Reached skill level 5 in Stealth
 25693 | D:13     | Received a gift from Okawaru
 25742 | D:13     | Found a gate to the Vaults.
 25921 | D:13     | Reached skill level 10 in Dodging
 26426 | D:13     | Reached skill level 10 in Armour
 26675 | D:14     | Reached skill level 17 in Long Blades
 26749 | D:14     | Received a gift from Okawaru
 26969 | D:14     | Gained mutation: You regenerate health from kills. [demonic ancestry]
 26969 | D:14     | Reached XP level 16. HP: 125/125 MP: 22/22
 26976 | D:14     | Noticed Azrael
 26996 | D:14     | Killed Azrael
 27360 | D:15     | Entered Level 15 of the Dungeon
 27668 | D:15     | Got a faintly humming scale mail
 27679 | D:15     | Identified the cursed +0 scale mail of the Good {Regen+} (You found it on level 15 of the Dungeon)
 27843 | D:15     | Found a staircase to the Depths.
 28037 | D:15     | Received a gift from Okawaru
 28192 | D:15     | Found Myiran's Weapon Emporium.
 28259 | D:15     | Found a glowing golden altar of the Shining One.
 28677 | Snake:1  | Entered Level 1 of the Snake Pit
 28900 | Snake:1  | Noticed Aizul
 28925 | Snake:1  | Killed Aizul
 29124 | Snake:1  | Found Usoerch's Gadget Shoppe.
 29136 | Snake:1  | Found Naryser's Assorted Antiques.
 29136 | Snake:1  | Found Vairchaz's Book Shoppe.
 29139 | Snake:1  | Found Vaugh's Gadget Emporium.
 29157 | Snake:1  | Bought a scroll of identify for 82 gold pieces
 29164 | Snake:1  | Bought a manual of Dodging for 1435 gold pieces
 29278 | Snake:1  | Lost mutation: You are resistant to hostile enchantments. (MR+) [evolution]
 29413 | Snake:1  | Noticed Josephine
 29419 | Snake:1  | Killed Josephine
 29695 | Snake:2  | Received a gift from Okawaru
 29738 | Snake:2  | Got a shimmering triple sword {god gift}
 29739 | Snake:2  | Identified the +1 triple sword of Understanding {speed, rElec} (Okawaru gifted it to you on level 2 of the Snake Pit)
 30112 | Snake:2  | Received a gift from Okawaru
 30381 | Snake:3  | Gained mutation: You have claws for feet. [demonic ancestry]
 30381 | Snake:3  | Reached XP level 17. HP: 116/135 MP: 23/23
 31191 | Snake:3  | Got a faintly glowing ring mail
 31202 | Snake:3  | Identified the cursed +1 ring mail of Zin's Displeasure {rPois rF+++} (You found it on level 3 of the Snake Pit)
 31255 | Snake:3  | Received a gift from Okawaru
 31256 | Snake:3  | Noticed Vashnia
 31499 | Snake:3  | Got a translucent great sword {god gift}
 31500 | Snake:3  | Identified the +3 great sword of Anlac {freeze, rPois rF+ MR- Str+5 Stlth-} (Okawaru gifted it to you on level 3 of the Snake Pit)
 31549 | Snake:3  | Killed Vashnia
 31576 | Snake:3  | Noticed Roxanne
 31609 | Snake:3  | Killed Roxanne
 31610 | Snake:3  | Identified Roxanne's Volume of Earth (You took it off Roxanne on level 3 of the Snake Pit)
 31788 | Snake:4  | Entered Level 4 of the Snake Pit
 31846 | Snake:4  | Reached skill level 18 in Long Blades
 32405 | Snake:4  | Reached skill level 1 in Spellcasting
 32412 | Snake:4  | Received a gift from Okawaru
 32415 | Snake:4  | Reached skill level 1 in Air Magic
 33136 | Snake:4  | Got a serpentine rune of Zot
 33667 | Vaults:1 | Entered Level 1 of the Vaults
 33673 | Vaults:1 | Gained mutation: You resist negative energy. (rN+) [demonic ancestry]
 33673 | Vaults:1 | Reached XP level 18. HP: 111/143 MP: 24/24
 33776 | Vaults:1 | Paralysed by a hornet for 3 turns
 33976 | Vaults:1 | Received a gift from Okawaru
 33983 | Vaults:1 | Got a smoking long sword {god gift}
 33984 | Vaults:1 | Identified the +7 long sword of Noka {protect, Fragile MP+9 Int+5 SInv} (Okawaru gifted it to you on level 1 of the Vaults)
 34619 | Vaults:1 | Received a gift from Okawaru
 34620 | Vaults:1 | Got a twisted helmet {god gift}
 34642 | Vaults:1 | Identified the +0 helmet of Muipsedwar {rElec} (Okawaru gifted it to you on level 1 of the Vaults)
 35135 | Vaults:1 | Got a slimy great sword
 35136 | Vaults:1 | Identified the cursed +1 great sword "Yriw" {slice, rF+ rN++} (You found it on level 1 of the Vaults)
 35333 | Vaults:1 | Identified the Collected Works on Hurtful Stones
 35441 | Vaults:1 | Identified the Catalogue of Dark Secrets and Augmentations
 35612 | Vaults:1 | Got a scorched ring mail
 35623 | Vaults:1 | Identified the +1 ring mail of the Old World {Str+3 Int+3} (You found it on level 1 of the Vaults)
 35757 | Vaults:1 | Reached skill level 19 in Long Blades
 35838 | Vaults:1 | Received a gift from Okawaru
 36408 | Vaults:2 | Gained mutation: You regenerate a lot of health from kills. [demonic ancestry]
 36408 | Vaults:2 | Reached XP level 19. HP: 72/152 MP: 25/25
 36496 | Vaults:2 | Found a staircase to the Crypt.
 36496 | Vaults:2 | Found a basalt altar of Yredelemnul.
 36497 | Vaults:2 | Found an ancient bone altar of Kikubaaqudgha.
 36569 | Vaults:2 | Gained mutation: Your mind is acute. (Int +2) [evolution]
 36880 | Vaults:2 | Noticed Jory
 36907 | Vaults:2 | Killed Jory
 36907 | Vaults:2 | Received a gift from Okawaru
 37012 | Vaults:2 | Reached skill level 15 in Dodging
 37121 | Vaults:2 | Found a gateway to a bazaar.
 37184 | Vaults:2 | Found Ikkul's Assorted Antiques.
 37213 | Vaults:2 | Bought a shimmering ring mail for 225 gold pieces
 37213 | Vaults:2 | Bought a steaming scale mail for 225 gold pieces
 37460 | Lair:1   | Received a gift from Okawaru
 37461 | Lair:1   | Got a translucent hunting sling {god gift}
 37914 | Vaults:2 | Identified the +1 ring mail of the Doldrums {-Cast rElec SInv} (You bought it in a shop on level 2 of the Vaults)
 37924 | Vaults:2 | Identified the +1 scale mail "Ogrask" {MR++ Regen+ Dex+3 Slay+3} (You bought it in a shop on level 2 of the Vaults)
 38125 | Vaults:3 | Found Payly's Food Boutique.
 38500 | Vaults:3 | Received a gift from Okawaru
 38501 | Vaults:3 | Got a pair of crude gloves {god gift}
 38503 | Vaults:3 | Identified the +0 pair of gloves of the Ancient Tables {Dex+4} (Okawaru gifted it to you on level 3 of the Vaults)
 38610 | Vaults:3 | Reached skill level 20 in Long Blades
 39007 | Vaults:3 | Reached skill level 15 in Fighting
 39007 | Vaults:3 | Reached XP level 20. HP: 149/162 MP: 26/26
 39843 | Vaults:4 | Noticed Frederick
 39859 | Vaults:4 | Killed Frederick
 39859 | Vaults:4 | Received a gift from Okawaru
 40180 | Vaults:4 | Received a gift from Okawaru
 40181 | Vaults:4 | Got a jewelled great sword {god gift}
 40216 | Vaults:4 | Identified the +1 great sword of Harmony {antimagic, +Blink rElec rC++ Int-2 Stlth+} (Okawaru gifted it to you on level 4 of the Vaults)
 41076 | Vaults:1 | Gained mutation: You are frail. (-10% HP) [evolution]
 41392 | Elf:1    | Entered Level 1 of the Elven Halls
 41633 | Elf:1    | Received a gift from Okawaru
 41721 | Elf:1    | Found Iloirch's Food Shop.
 42077 | Elf:1    | Found a huge runed gate.
 42077 | Elf:1    | Found a huge runed gate.
 42077 | Elf:1    | Found a huge runed gate.
 42081 | Elf:1    | Found a huge runed gate.
 42081 | Elf:1    | Found a huge runed gate.
 42081 | Elf:1    | Found a huge runed gate.
 42081 | Elf:1    | Found a huge runed gate.
 42082 | Elf:1    | Found a huge runed gate.
 42083 | Elf:1    | Found a huge runed gate.
 42084 | Elf:1    | Found a huge runed gate.
 42085 | Elf:1    | Found a huge runed gate.
 42094 | Elf:1    | Found a huge runed gate.
 42094 | Elf:1    | Found a huge runed gate.
 42095 | Elf:1    | Found a huge runed gate.
 42123 | Elf:1    | Found a huge runed gate.
 42123 | Elf:1    | Found a huge runed gate.
 42135 | Elf:1    | Found a huge runed gate.
 42144 | Elf:1    | Found a huge runed gate.
 42145 | Elf:1    | Found a huge runed gate.
 42315 | Elf:1    | Gained mutation: You are somewhat able to resist unholy torments (1 in 2 success). [demonic ancestry]
 42315 | Elf:1    | Reached XP level 21. HP: 114/153 MP: 27/27
 42336 | Elf:1    | Received a gift from Okawaru
 42337 | Elf:1    | Got an ancient great sword {god gift}
 42338 | Elf:1    | Identified the +10 great sword of Virenum {pain, rN+ Str-3 Int+2} (Okawaru gifted it to you on level 1 of the Elven Halls)
 42499 | Elf:1    | Reached skill level 21 in Long Blades
 42751 | Elf:1    | Received a gift from Okawaru
 43089 | Elf:2    | Noticed Kidiri's ghost (adept DEFE)
 43114 | Elf:2    | Killed Kidiri's ghost
 43506 | Elf:2    | Found a roughly hewn altar of Beogh.
 43667 | Elf:2    | Found a huge runed gate.
 43667 | Elf:2    | Found a huge runed gate.
 43667 | Elf:2    | Found a huge runed gate.
 43668 | Elf:2    | Found a huge runed gate.
 43670 | Elf:2    | Found a huge runed gate.
 44055 | Elf:2    | Received a gift from Okawaru
 44055 | Elf:2    | Reached skill level 15 in Armour
 44218 | Elf:3    | Entered Level 3 of the Elven Halls
 45121 | Elf:3    | Received a gift from Okawaru
 45121 | Elf:3    | Reached XP level 22. HP: 157/161 MP: 12/28
 45169 | Elf:3    | Got a flickering pewter ring
 45175 | Elf:3    | Got a wavering diamond amulet
 45358 | Elf:3    | Identified the amulet "Ajybritz" {+Inv +Fly Regen+ Str-4} (You took it off a deep elf sorcerer on level 3 of the Elven Halls)
 45360 | Elf:3    | Identified the ring "Ecwoics" {MP+9 SInv} (You took it off a deep elf death mage on level 3 of the Elven Halls)
 45947 | Elf:3    | Got a shimmering brass ring
 45976 | Elf:3    | Got a twisted scale mail
 45977 | Elf:3    | Identified the cursed +0 scale mail "Kabe Taligg" {rC- Str+3 SInv} (You found it on level 3 of the Elven Halls)
 45979 | Elf:3    | Identified the ring of the Lich-sworn {+Fly Dex+4} (You found it on level 3 of the Elven Halls)
 46250 | Lair:2   | Learned a level 5 spell: Aura of Abjuration
 46470 | Depths:1 | Entered Level 1 of the Depths
 46470 | Depths:1 | Found a gateway to Hell.
 46493 | Depths:1 | Noticed Asterion
 46523 | D:15     | Killed Asterion
 46556 | Depths:1 | Received a gift from Okawaru
 46556 | Depths:1 | Reached skill level 1 in Summonings
 46557 | Depths:1 | Got a brightly glowing great sword {god gift}
 46558 | Depths:1 | Identified the +7 great sword of the Everdark {drain, rN+ Dex-4 Stlth+} (Okawaru gifted it to you on level 1 of the Depths)
 46567 | Depths:1 | Noticed Nikola
 46580 | Depths:1 | Killed Nikola
 46599 | Depths:1 | Reached skill level 22 in Long Blades
 46639 | Depths:1 | Noticed the Enchantress
 46662 | Depths:1 | Reached skill level 5 in Spellcasting
 46691 | Depths:1 | Killed the Enchantress
 46693 | Depths:1 | Got faerie dragon scales
 46694 | Depths:1 | Identified the +3 faerie dragon scales {*Contam rF+ MR+ rCorr Slay+5} (You took it off the Enchantress on level 1 of the Depths)
 46739 | Depths:1 | Got a pair of faintly glowing gloves
 46740 | Depths:1 | Identified the +2 pair of gloves "Plog" {*Corrode Str+3 Int+8 Dex+8} (You took it off Nikola on level 1 of the Depths)
 46917 | Depths:1 | Noticed Saint Roka
 46922 | Depths:1 | Received a gift from Okawaru
 46944 | Depths:1 | Killed Saint Roka
 47211 | Depths:2 | Noticed a caustic shrike
 47218 | Depths:2 | Killed a caustic shrike
 48224 | Depths:2 | Received a gift from Okawaru
 48439 | D:12     | Gained mutation: You have very sharp teeth. [potion of mutation]
 48439 | D:12     | Gained mutation: Your mind is very acute. (Int +4) [potion of mutation]
 48439 | D:12     | Gained mutation: Armour fits poorly on your strangely shaped body. [potion of mutation]
 48515 | Vaults:1 | Gained mutation: You possess an exceptional clarity of mind. [potion of mutation]
 48515 | Vaults:1 | Gained mutation: You are clumsy. (Dex -2) [potion of mutation]
 48634 | Vaults:3 | Lost mutation: You are frail. (-10% HP) [potion of mutation]
 48634 | Vaults:3 | Gained mutation: Your magical capacity is low. (-10% MP) [potion of mutation]
 48871 | Depths:3 | Found a portal to a secret trove of treasure.
 49139 | Depths:3 | Reached XP level 23. HP: 156/188 MP: 28/28
 49406 | Depths:3 | Reached skill level 5 in Summonings
 49991 | Depths:3 | Found a one-way gate leading to the halls of Pandemonium.
 50300 | Depths:4 | Received a gift from Okawaru
 50348 | Depths:4 | Cast into level 2 of the Abyss (hand axe of distortion)
 50720 | Depths:4 | Escaped the Abyss
 51231 | Depths:4 | Noticed an ancient lich
 51251 | Depths:4 | Killed an ancient lich
 51920 | Depths:4 | Reached skill level 23 in Long Blades
 52055 | Depths:4 | Found a one-way gate to the infinite horrors of the Abyss.
 52067 | Depths:4 | Identified Ericrima's Incunabulum of the Ashen Volcanoes
 52419 | Lair:2   | Reached XP level 24. HP: 197/197 MP: 30/30
 52572 | Orc:2    | Bought the Reference Book on Black Magic and Talismans for 1027 gold pieces
 52777 | Depths:3 | You paid a toll of the Reference Book on Black Magic and Talismans to enter a treasure trove
 52778 | Trove    | Entered a treasure trove
 52785 | Trove    | Got a twitching copper amulet
 52787 | Trove    | Got a slimy graven amulet
 52789 | Trove    | Got a wavering brass amulet
 52791 | Trove    | Got a glittering granite ring
 52795 | Trove    | Got a fine lead ring
 52798 | Trove    | Got a serpentine ivory ring
 52800 | Trove    | Got a heavily runed granite ring
 52831 | Depths:3 | Identified the amulet of Lemosaotz {+Rage Str+2} (You found it in a treasure trove)
 52832 | Depths:3 | Identified the amulet of Sicon {rC+ MR+ Regen+} (You found it in a treasure trove)
 52833 | Depths:3 | Identified the amulet "Cuemi" {Faith rF- Str+4 Stlth+} (You found it in a treasure trove)
 52835 | Depths:3 | Identified the ring of Darkness {Wiz rElec rN+++ Str-4 Dex-2} (You found it in a treasure trove)
 52837 | Depths:3 | Identified the ring of Acked {Wiz rPois MR+} (You found it in a treasure trove)
 52839 | Depths:3 | Identified the ring of Obeamuon {+Fly rN+ MR+ Int+4} (You found it in a treasure trove)
 52841 | Depths:3 | Identified the ring of Moderation {rPois MR+ Str+6 Int-2 Slay+2} (You found it in a treasure trove)
 53103 | Swamp:1  | Entered Level 1 of the Swamp
 53117 | Swamp:1  | Received a gift from Okawaru
 54150 | Swamp:2  | Noticed Jorgrun
 54164 | Swamp:2  | Killed Jorgrun
 54164 | Swamp:2  | Gained mutation: Your melee attacks may debilitate your foes. [demonic ancestry]
 54164 | Swamp:2  | Reached XP level 25. HP: 188/203 MP: 30/30
 54611 | Swamp:3  | Got a bloodstained helmet
 54630 | Swamp:3  | Identified the +0 helmet "Wiuf" {rElec rPois rC- Int+4} (You found it on level 3 of the Swamp)
 55114 | Swamp:4  | Entered Level 4 of the Swamp
 55738 | Swamp:4  | Received a gift from Okawaru
 55764 | Swamp:4  | Got a decaying rune of Zot
 56061 | Lair:2   | Upgraded the game from 0.20-a0-548-g4f8a798 to 0.20-a0-550-gf70bbbc
 56090 | Lair:2   | Learned a level 9 spell: Tornado
 56168 | Slime:1  | Entered Level 1 of the Pits of Slime
 56318 | Slime:5  | Entered Level 5 of the Pits of Slime
 56502 | Slime:5  | Reached skill level 24 in Long Blades
 56531 | Slime:5  | Noticed HEYYEYAAE's ghost (veteran TrBe)
 56579 | Slime:5  | Killed HEYYEYAAE's ghost
 56587 | Slime:5  | Noticed the Royal Jelly
 57145 | Slime:5  | Received a gift from Okawaru
 57151 | Slime:5  | Got a shimmering hunting sling {god gift}
 57174 | Slime:4  | Gained mutation: You are weak. (Str -2) [a shining eye]
 57176 | Slime:4  | Lost mutation: You possess an exceptional clarity of mind. [a shining eye]
 57178 | Slime:4  | Gained mutation: You are very clumsy. (Dex -4) [a shining eye]
 57313 | Slime:5  | Found a viscous altar of Jiyva.
 57617 | Slime:5  | Killed the Royal Jelly
 57692 | Slime:5  | Got a heavily runed helmet
 57701 | Slime:5  | Identified the Incunabulum of Intoxication and Heat
 57724 | Slime:5  | Got a slimy rune of Zot
 57742 | Slime:5  | Got a scorched granite ring
 57763 | Slime:5  | Got a ripped robe
 57764 | Slime:5  | Identified the +2 robe of Fortitude {rC+} (You found it on level 5 of the Pits of Slime)
 57765 | Slime:5  | Identified the cursed +0 helmet "Toenemeu" {*Drain rC+ MR++ SInv} (You found it on level 5 of the Pits of Slime)
 57766 | Slime:5  | Identified the cursed ring "Lohoneos" {EV-2 Int+4} (You found it on level 5 of the Pits of Slime)
 57937 | Lair:2   | Learned a level 3 spell: Regeneration
 57941 | Lair:2   | Learned a level 3 spell: Spectral Weapon
 58197 | Crypt:1  | Entered Level 1 of the Crypt
 58345 | Crypt:1  | Received a gift from Okawaru
 58346 | Crypt:1  | Got a faintly glowing demon blade {god gift}
 58347 | Crypt:1  | Identified the +1 demon blade of the Evil Eye {slice, *Noise rF+ rN+ SInv} (Okawaru gifted it to you on level 1 of the Crypt)
 58415 | Crypt:1  | Noticed Donald
 58429 | Crypt:1  | Killed Donald
 58531 | Crypt:1  | Noticed Khufu
 58567 | Crypt:1  | Reached XP level 26. HP: 108/211 MP: 17/30
 58583 | Crypt:1  | Killed Khufu
 58716 | Crypt:1  | Got a coiled zirconium amulet
 58727 | Crypt:1  | Identified the amulet "Menimapn" {RegenMP rC+ Str+3} (You found it on level 1 of the Crypt)
 58774 | Crypt:1  | Gained mutation: You can translocate small distances at will. [evolution]
 59338 | Crypt:2  | Received a gift from Okawaru
 59358 | Crypt:2  | Reached skill level 5 in Air Magic
 59627 | Crypt:3  | Entered Level 3 of the Crypt
 60122 | Crypt:3  | Got a black opal-encrusted leather armour
 60126 | Crypt:3  | Identified the +4 leather armour of Intercession {rC+ Dex+4} (You found it on level 3 of the Crypt)
 60283 | Crypt:3  | Found an ancient bone altar of Kikubaaqudgha.
 60374 | Crypt:3  | Found a staircase to the Tomb.
 60633 | Crypt:3  | Got a brightly glowing tin ring
 60654 | Crypt:3  | Identified the ring of Muiqo {Str+3 Int+4 Stlth+} (You found it on level 3 of the Crypt)
 60729 | Crypt:3  | Reached skill level 10 in Spellcasting
 60983 | Tomb:1   | Entered Level 1 of the Tomb of the Ancients
 61181 | Tomb:1   | Received a gift from Okawaru
 61428 | Tomb:1   | Noticed a greater mummy
 61520 | Tomb:1   | Noticed a greater mummy
 61544 | Tomb:1   | Noticed a greater mummy
 61544 | Tomb:1   | Noticed a greater mummy
 61609 | Tomb:1   | Noticed a greater mummy
 61633 | Tomb:1   | Noticed a greater mummy
 61647 | Tomb:1   | Killed a greater mummy
 61673 | Tomb:1   | Killed a greater mummy
 61716 | Tomb:1   | Killed a greater mummy
 61758 | Tomb:1   | Noticed a greater mummy
 62005 | Tomb:1   | Noticed a greater mummy
 62008 | Tomb:1   | Noticed a greater mummy
 62020 | Tomb:1   | Killed a greater mummy
 62026 | Tomb:1   | Killed a greater mummy
 62033 | Tomb:1   | Killed a greater mummy
 62053 | Tomb:1   | Killed a greater mummy
 62053 | Tomb:1   | Received a gift from Okawaru
 62053 | Tomb:1   | Reached XP level 27. HP: 136/214 MP: 23/35
 62054 | Tomb:1   | Got a slimy great sword {god gift}
 62055 | Tomb:1   | Identified the +11 great sword "Osuhais" {drain, rPois Str+2 Int-4 Dex+2} (Okawaru gifted it to you on level 1 of the Tomb of the Ancients)
 62068 | Tomb:1   | Noticed a greater mummy
 62086 | Tomb:1   | Killed a greater mummy
 62193 | Tomb:1   | Noticed a greater mummy
 62195 | Tomb:1   | Noticed a greater mummy
 62202 | Tomb:1   | Noticed a greater mummy
 62212 | Tomb:1   | Killed a greater mummy
 62212 | Tomb:1   | Reached skill level 10 in Summonings
 62213 | Tomb:1   | Noticed a greater mummy
 62225 | Tomb:1   | Killed a greater mummy
 62228 | Tomb:1   | Noticed a greater mummy
 62234 | Tomb:1   | Noticed a greater mummy
 62235 | Tomb:1   | Killed a greater mummy
 62235 | Tomb:1   | Reached skill level 10 in Air Magic
 63007 | Snake:1  | Bought a Necronomicon for 1435 gold pieces
 63016 | Snake:1  | Learned a level 8 spell: Necromutation
 63399 | Depths:5 | Entered Level 5 of the Depths
 63415 | Depths:5 | Reached skill level 1 in Necromancy
 63419 | Depths:5 | Reached skill level 1 in Transmutations
 63755 | Depths:5 | Found a gateway to a ziggurat.
 63798 | Depths:5 | Reached skill level 5 in Necromancy
 63826 | Depths:5 | Received a gift from Okawaru
 63903 | Depths:5 | Received a gift from Okawaru
 63968 | Depths:5 | Learned a level 6 spell: Deflect Missiles
 63971 | Depths:5 | Found a gate to the Realm of Zot.
 63985 | Depths:5 | Lost mutation: Your mind is very acute. (Int +4) [evolution]
 63994 | Depths:5 | Reached skill level 5 in Transmutations
 64287 | Depths:5 | Reached skill level 10 in Necromancy
 64668 | Hell     | Entered the Vestibule of Hell
 64672 | Hell     | Noticed Geryon
 64913 | Hell     | Killed Geryon
 65102 | Hell     | Received a gift from Okawaru
 65103 | Hell     | Got a steaming great sword {god gift}
 65104 | Hell     | Identified the +5 great sword of Ecko {slice, rC+} (Okawaru gifted it to you in the Vestibule of Hell)
 65134 | Hell     | Found a gateway to the Iron City of Dis.
 65555 | Hell     | Found a gateway to the decaying netherworld of Tartarus.
 65692 | Hell     | Found a gateway to the ashen valley of Gehenna.
 65854 | Hell     | Found a gateway to the freezing wastes of Cocytus.
 66109 | Depths:5 | Voluntarily entered the Abyss.
 66109 | Abyss:1  | Found a corrupted altar of Lugonu.
 66126 | Abyss:1  | Found a corrupted altar of Lugonu.
 66989 | Abyss:1  | Received a gift from Okawaru
 66990 | Abyss:1  | Got an encrusted great sword {god gift}
 66991 | Abyss:1  | Identified the +2 great sword of the Enchanted Forest {protect, Int+4} (Okawaru gifted it to you on level 1 of the Abyss)
 67222 | Abyss:1  | Found a corrupted altar of Lugonu.
 67280 | Abyss:1  | Reached skill level 10 in Transmutations
 67360 | Abyss:2  | Found a corrupted altar of Lugonu.
 67468 | Abyss:2  | Found a corrupted altar of Lugonu.
 67524 | Abyss:3  | Found a corrupted altar of Lugonu.
 67579 | Abyss:3  | Found a corrupted altar of Lugonu.
 67827 | Abyss:3  | Gained mutation: You tend to lose your temper in combat. [a neqoxec]
 67915 | Abyss:3  | Gained mutation: Your spells are a little easier to cast, but a little less powerful. [a neqoxec]
 68104 | Abyss:3  | Reached skill level 15 in Necromancy
 68496 | Abyss:3  | Received a gift from Okawaru
 68565 | Abyss:3  | Got an abyssal rune of Zot
 68627 | Abyss:3  | Lost mutation: Your mind is acute. (Int +2) [a neqoxec]
 68703 | Depths:5 | Escaped the Abyss
 69377 | Snake:4  | Gained mutation: You passively map a small area around you. [potion of mutation]
 69880 | Zot:1    | Entered Level 1 of the Realm of Zot
 70164 | Zot:1    | Received a gift from Okawaru
 70743 | Zot:2    | Reached skill level 15 in Spellcasting
 70788 | Zot:2    | Received a gift from Okawaru
 71117 | Zot:2    | Lost mutation: You are weak. (Str -2) [evolution]
 71318 | Zot:2    | Received a gift from Okawaru
 71321 | Zot:2    | Got a jewelled great sword {god gift}
 71322 | Zot:2    | Identified the +5 great sword of Change {slice, -Tele rF- rC+++ rN+++} (Okawaru gifted it to you on level 2 of the Realm of Zot)
 72566 | Zot:3    | Received a gift from Okawaru
 73759 | Zot:4    | Received a gift from Okawaru
 73874 | Zot:5    | Entered Level 5 of the Realm of Zot
 74490 | Hell     | Learned a level 7 spell: Haunt
 74499 | Hell     | Learned a level 8 spell: Infestation
 74961 | Tomb:1   | Killed a greater mummy
 74961 | Tomb:1   | Received a gift from Okawaru
 74968 | Tomb:1   | Killed a greater mummy
 74976 | Tomb:1   | Got a spiked chain mail {god gift}
 74977 | Tomb:1   | Identified the +1 chain mail of the Little Devil {MR+} (Okawaru gifted it to you on level 1 of the Tomb of the Ancients)
 75062 | Tomb:1   | Noticed a greater mummy
 75079 | Tomb:1   | Killed a greater mummy
 75216 | Tomb:2   | Noticed a greater mummy
 75217 | Tomb:2   | Noticed a greater mummy
 75217 | Tomb:2   | Noticed a greater mummy
 75217 | Tomb:2   | Noticed a greater mummy
 75225 | Tomb:1   | Reached skill level 15 in Transmutations
 75314 | Tomb:1   | Killed a greater mummy
 75336 | Tomb:1   | Killed a greater mummy
 75365 | Tomb:1   | Killed a greater mummy
 75398 | Tomb:2   | Killed a greater mummy
 75790 | Tomb:1   | Killed a greater mummy
 75960 | Tomb:1   | Killed a greater mummy
 76153 | Tomb:3   | Entered Level 3 of the Tomb of the Ancients
 76183 | Tomb:3   | Noticed a greater mummy
 76188 | Tomb:3   | Noticed a greater mummy
 76234 | Tomb:3   | Noticed a greater mummy
 76255 | Tomb:2   | Received a gift from Okawaru
 76273 | Tomb:2   | Killed a greater mummy
 76287 | Tomb:3   | Noticed a greater mummy
 76302 | Tomb:3   | Killed a greater mummy
 76339 | Tomb:3   | Noticed a greater mummy
 76398 | Tomb:2   | Killed a greater mummy
 76435 | Tomb:2   | Killed a greater mummy
 76468 | Tomb:2   | Killed a greater mummy
 76518 | Tomb:3   | Noticed an ancient lich
 76520 | Tomb:3   | Noticed a greater mummy
 76521 | Tomb:3   | Noticed a greater mummy
 76521 | Tomb:3   | Received a gift from Okawaru
 76544 | Tomb:3   | Killed an ancient lich
 76554 | Tomb:3   | Killed a greater mummy
 76569 | Tomb:3   | Killed a greater mummy
 76717 | Tomb:3   | Noticed an ancient lich
 76740 | Tomb:3   | Killed an ancient lich
 76760 | Tomb:3   | Got a golden rune of Zot
 76796 | Tomb:3   | Noticed tsouns's ghost (legendary GrAr)
 76908 | Tomb:3   | Killed tsouns's ghost
 76921 | Tomb:3   | Got an ancient ruby amulet
 77191 | Tomb:3   | Got a wavering granite ring
 77309 | Tomb:3   | Got a twisted ring mail
 77316 | Tomb:3   | Got a pair of encrusted boots
 77318 | Tomb:3   | Got a bloodstained chain mail
 77322 | Tomb:3   | Got a tattered robe
 77323 | Tomb:3   | Identified the +2 ring mail of the Cooper {SInv} (You found it on level 3 of the Tomb of the Ancients)
 77324 | Tomb:3   | Identified the +2 pair of boots of the Doge {rElec Str+4 Dex-3} (You found it on level 3 of the Tomb of the Ancients)
 77325 | Tomb:3   | Identified the +5 chain mail "Pewoev" {*Contam +Blink rPois} (You found it on level 3 of the Tomb of the Ancients)
 77326 | Tomb:3   | Identified the +1 robe of Duty {rF+ rC+} (You found it on level 3 of the Tomb of the Ancients)
 77331 | Tomb:3   | Identified the amulet "Osiriugu" {Gourm rN+} (You found it on level 3 of the Tomb of the Ancients)
 77332 | Tomb:3   | Identified the ring of the Lobster {rPois rF+ Str-3 Int-4 Dex+6} (You found it on level 3 of the Tomb of the Ancients)
 77427 | Tomb:1   | Killed a greater mummy
 78263 | Pan      | Entered Pandemonium
 78271 | Pan      | Noticed Cohezyg the pandemonium lord
 78272 | Pan      | Paralysed by accursed screaming for 1 turns
 78331 | Pan      | Killed Cohezyg the pandemonium lord
 78331 | Pan      | Received a gift from Okawaru
 78458 | Pan      | Got a demonic rune of Zot
 78571 | Pan      | Noticed Jasilo the pandemonium lord
 78607 | Pan      | Killed Jasilo the pandemonium lord
 78767 | Depths:3 | Escaped Pandemonium
 79069 | Bazaar   | Entered a bazaar
 79069 | Bazaar   | Found Xiwyc's Magic Scroll Boutique.
 79069 | Bazaar   | Found Umuist's Weapon Shop.
 79069 | Bazaar   | Found Casis's Jewellery Shoppe.
 79071 | Bazaar   | Found Eschesonn's Jewellery Emporium.
 79071 | Bazaar   | Found Syubloutt's Weapon Shop.
 79109 | Bazaar   | Bought the +9 sword of Zonguldrok {reap} for 800 gold pieces
 79130 | Bazaar   | Bought the ring of Shadows {Umbra +Inv Stlth+} for 360 gold pieces
 79130 | Bazaar   | Bought the macabre finger necklace {rN+} for 360 gold pieces
 79494 | Pan      | Entered Pandemonium
 79743 | Pan      | Noticed Ocaidwu the pandemonium lord
 79758 | Pan      | Received a gift from Okawaru
 79793 | Pan      | Noticed Pacs the pandemonium lord
 79832 | Pan      | HP: 4/217 [lorocyproca (43)]
 79844 | Pan      | HP: 1/217 [balrug/fireball (13)]
 79850 | Pan      | Killed from afar by a balrug

Vault maps used:
D:1:      lightli_arrival_lavapool, hangedman_decor_diamond_cutter
D:2:      cheibrodos_greedy_goblins, gammafunk_temple_overflow_pools,
          first_bread, feat_on_display
D:3:      led_sif_book
D:4:      kennysheep_slugbush, lemuel_temple_firewalk_b, serial_shops, shop,
          uniq_pikel, uniq_eustachio, uniq_robin
D:5:      nicolae_dithmenos_shadow_blocks, mrwooster_statue_mirror,
          kennysheep_generic_room_15
D:6:      chequers_temple_overflow_statue_of_worship, vehumet_crystals,
          kennysheep_another_room, uniq_grinder, uniq_blork_the_orc
D:7:      lemuel_crystal_altar, uniq_menkaure, uniq_prince_ribbit1
D:8:      nicolae_ru_great_annihilating_truth, lair_entry_dummy, uniq_maurice
D:9:      tgw_trog
D:10:     the_bakery, serial_park_tiny_2, uniq_urug
D:12:     kennysheep_treasure_stockpile, orc_david_3, grunt_gozag_breadcrumbs
D:13:     erik_vaults_2
D:14:     glass_columns_b, uniq_azrael
D:15:     grunt_enter_depths_magical_seal, serial_shops, shop,
          nicolae_tso_carved_into_rock, roderic_lattice_a
Lair:1:   special_room, guppyfry_lair_drakes, infiniplex_staircase_pool,
          uniq_nergalle
Lair:2:   serial_bayou_pond_c, grunt_forest_large_clearings
Lair:3:   swamp_mist, infiniplex_staircase_pool_2
Lair:4:   guppyfry_snake_entry_island, uniq_rupert, uniq_nessos
Lair:5:   serial_bayou_lagoon_b, lemuel_fruit_tree
Lair:6:   gammafunk_lair_ancient_temple, slime_dummy,
          portal_ice_cave_demonic_guard
Swamp:1:  evilmike_swamp_ruin_house_5, swamp_pool1
Swamp:2:  nicolae_swamp_triple_paths, uniq_jorgrun
Swamp:3:  serial_swamp_ruin, evilmike_swamp_ruin_rubble_2,
          hangedman_swamp_ruin_wall, evilmike_swamp_ruin_house_6,
          nicolae_swamp_dense_foliage
Swamp:4:  swamp_vile
Snake:1:  minmay_shoptagon, uniq_josephine, uniq_aizul
Snake:2:  spider_trap, hangedman_snake_corridor_cut
Snake:3:  spider_trap, uniq_vashnia, uniq_roxanne
Snake:4:  snake_pit
Orc:2:    grunt_orc_tribal_feast, basic_altar
Elf:1:    eino_elf_arrival_customs, serial_shops, shop, orc_legates, door_vault
Elf:2:    special_room, st_stairs_6, hangedman_elf_power_crystal,
          hangedman_elven_ridges, spider_trap
Elf:3:    minmay_elf_hall_furrowed, grunt_megastairs_3
Vaults:1: st_greater_box_3, hangedman_vaults_variations,
          nicolae_vaults_gold_heap, nicolae_vaults_little_squares_3,
          vaults_room_stairs_pillars, nicolae_vaults_windows_and_doors_thing,
          vaults_mumra_minichess_inversion, vaults_room_hallway,
          nicolae_vaults_mini_display_case, ontoclasm_vaults_twist,
          nicolae_vaults_border_crossing, serial_glass
Vaults:2: v_misc_28, minmay_crypt_entry_necro_gods, vaults_dpeg_ring, st_eye,
          v_pattern_1, v_misc_18, vaults_dpeg_cross, vaults_mumra_hex,
          vaults_standard_mumra_enter_the_diamond, v_misc_8, serial_ice_g,
          serial_shops, bzr_entry_water, shop, uniq_jory
Vaults:3: nicolae_vaults_network_quinsquares, nicolae_vaults_diagonal_hallway_6,
          vaults_standard_mumra_x, nicolae_vaults_alarming,
          nicolae_vaults_triangles, nicolae_vaults_asterisk, vaults_dpeg_hooks,
          nicolae_vaults_shelves_hall, ontoclasm_vaults_pinch,
          nicolae_vaults_asterisk, vaults_room_grid, vaults_room_pools,
          vaults_mumra_chevron, serial_shops, shop
Vaults:4: st_lattice, v_misc_14, nicolae_vaults_network_quincunx,
          vaults_room_large_hall, v_rooms_6, hangedman_vaults_snaps, v_misc_22,
          v_misc_31, v_rooms_3, nicolae_vaults_circle_grid_a,
          vaults_dpeg_encased_lava, grunt_vaults_hallway_long,
          vaults_room_octagon, nicolae_vaults_little_squares_2,
          hangedman_vaults_capsules, uniq_frederick
Crypt:1:  uniq_khufu, uniq_donald
Crypt:2:  grunt_ministairs_8, minivault_27
Crypt:3:  due_elkab, basic_altar
Depths:1: hell_entry, corexii_leaking_fountain, minmay_misc_feat_secret_circle,
          spider_trap, kennysheep_generic_room_3, uniq_asterion,
          uniq_saint_roka, uniq_enchantress, uniq_nikola
Depths:2: hangedman_arrow_trap, hell_entry
Depths:3: minmay_box_of_statues, serial_bayou_shore_a, hell_entry,
          nicolae_trove_entry_free_sample, grunt_pan_entry_in_and_out,
          nrook_kobold_shadow_demons
Depths:4: lemuel_river_lethe, abyss_entry, hell_entry
Depths:5: grunt_zot_entry_funnels, enter_ziggurat_f, abyss_entry,
          pf_vacation_house_of_asmodeus
Zot:2:    lemuel_draconian_sentries
Zot:3:    minmay_elemental_castle
Zot:5:    st_stairs_3
Abyss:1:  evilmike_abyss_exit_kraken
Pan:      evilmike_mini_pan_possible_glass, grunt_pan_zigzag,
          nicolae_pan_double_arrow, uniq_mennas_pan, pan_blood_fountain_small,
          nicolae_pan_gloorx_vloqian_3, nicolae_pan_sigil_itan,
          nicolae_pan_glass_arcs
Bazaar:   bazaar_minmay_generic_island
Trove:    trove_jewel_2
IceCv:    ice_cave_small_giant

Skill      XL: |  1  2  3  4  5  6  7  8  9 10 11 12 13 14 15 16 17 18 19 20 21 22 23 24 25 26 27 |
---------------+----------------------------------------------------------------------------------+-----
Long Blades    | 3 4 5 7 9 10 11 12 13 14 15 16 17 18 19 20 21 22 23 24 | 24.5
Evocations     | 3 6 8 |  8.0
Invocations    | 1 8 |  8.0
Dodging        | 5 6 8 9 10 11 13 14 15 16 17 18 | 18.0
Armour         | 4 6 7 9 10 11 12 13 14 15 16 18 | 18.8
Fighting       | 5 7 9 10 11 12 13 14 15 16 17 18 | 18.0
Stealth        | 3 6 8 |  8.0
Spellcasting   | 2 4 5 7 12 19 | 19.2
Air Magic      | 2 4 9 11 | 11.4
Summonings     | 4 6 9 10 | 10.3
Necromancy     | 21 | 21.0
Transmutations | 17 | 17.0

Action                   |  1- 3 |  4- 6 |  7- 9 | 10-12 | 13-15 | 16-18 | 19-21 | 22-24 | 25-27 || total
-------------------------+-------+-------+-------+-------+-------+-------+-------+-------+-------++-------
Melee: Falchion          |   118 |    75 |   389 |   314 |       |     8 |       |       |       ||   904
       Punch             |       |       |     1 |     9 |    11 |       |       |       |       ||    21
       Long sword        |       |       |   250 |   861 |  1875 |   603 |       |       |       ||  3589
       Scimitar          |       |       |       |       |     9 |     7 |       |       |       ||    16
       Triple sword      |       |       |       |       |       |  1133 |  1607 |  1091 |  5354 ||  9185
       Kick              |       |       |       |       |       |   418 |   676 |   732 |  2946 ||  4772
       Bite              |       |       |       |       |       |       |       |   204 |  1167 ||  1371
       Great sword       |       |       |       |       |       |       |       |   297 |   118 ||   415
       Double sword      |       |       |       |       |       |       |       |       |    12 ||    12
 Cast: Repel Missiles    |       |       |       |     1 |       |    23 |    14 |    12 |    15 ||    65
       Aura of Abjuratio |       |       |       |       |       |       |       |     3 |    71 ||    74
       Necromutation     |       |       |       |       |       |       |       |       |    36 ||    36
       Regeneration      |       |       |       |       |       |       |       |       |    16 ||    16
       Deflect Missiles  |       |       |       |       |       |       |       |       |     2 ||     2
Invok: Heroism           |       |     2 |     5 |    23 |    14 |    13 |    10 |     4 |     7 ||    78
       Finesse           |       |       |       |       |     1 |     3 |     1 |     1 |    12 ||    18
 Abil: Evoke Berserk Rag |     2 |     3 |     8 |     5 |       |       |       |       |       ||    18
       Evoke Flight      |       |       |       |       |     4 |       |       |     7 |     4 ||    15
       Stop Flying       |       |       |       |       |     1 |       |       |       |       ||     1
       End Transformatio |       |       |       |       |       |       |       |       |     2 ||     2
Evoke: Wand              |       |     5 |       |     1 |    12 |       |       |     1 |    10 ||    29
  Use: Scroll            |     2 |     1 |     7 |    20 |    13 |    18 |    11 |    16 |    35 ||   123
       Potion            |       |     4 |     8 |     6 |     4 |     5 |     2 |     5 |    15 ||    49
 Stab: Sleeping          |     7 |       |     3 |     6 |    11 |    37 |     9 |    19 |    21 ||   113
       Distracted        |       |       |       |     2 |     1 |     3 |     7 |     5 |    16 ||    34
       Paralysed         |       |       |       |     1 |       |       |       |       |       ||     1
       Confused          |       |       |       |       |     2 |       |       |       |     1 ||     3
       Petrified         |       |       |       |       |     7 |       |       |       |       ||     7
       Fleeing           |       |       |       |       |       |       |     1 |       |       ||     1
  Eat: Chunk             |     6 |     1 |    27 |    35 |    38 |    30 |    29 |    28 |    42 ||   236
       Meat ration       |       |     1 |       |       |       |     1 |       |       |     1 ||     3
       Bread ration      |       |       |       |       |       |       |       |     1 |     5 ||     6
       Royal jelly       |       |       |       |       |       |       |       |       |     4 ||     4
       Fruit             |       |       |       |       |       |       |       |       |     2 ||     2
Armor: Robe              |    19 |     6 |    35 |       |       |       |       |       |       ||    60
       Leather armour    |       |       |   115 |    74 |       |       |       |       |       ||   189
       Skin              |       |       |     1 |       |       |       |       |       |       ||     1
       Troll leather arm |       |       |       |   177 |   312 |   350 |    63 |       |       ||   902
       Scale mail        |       |       |       |       |    88 |       |   294 |    56 |       ||   438
       Acid dragon scale |       |       |       |       |       |       |       |   221 |  1228 ||  1449
Dodge: Dodged            |    92 |    61 |   411 |   713 |  1265 |  1302 |  1022 |  1183 |  4363 || 10412
       Deflected         |       |       |       |     1 |       |    44 |    43 |    32 |    67 ||   187
       Rpst.: Falchion   |    28 |    19 |    79 |    44 |       |     1 |       |       |       ||   171
       Long sword        |       |       |    37 |   189 |   267 |   101 |       |       |       ||   594
       Scimitar          |       |       |       |       |     1 |     1 |       |       |       ||     2
       Triple sword      |       |       |       |       |       |   198 |   204 |   204 |   892 ||  1498
       Great sword       |       |       |       |       |       |       |       |    63 |    24 ||    87
       Double sword      |       |       |       |       |       |       |       |       |     3 ||     3
